AoeStats
← O.KIRA

Arabia

506898327Analyzed
1v1 RM · 16d ago on Sep 15, 2026· 58m 25s· 2 players
Game mode
Random Map
Map size
Tiny (2 player)
Population
200
Speed
Normal
Resources
Standard
Victory
Conquest
Starting age
Dark Age
Ending age
Imperial Age
RankedLock teamsTeams togetherTeam positionsShared explorationLock speedFull tech treeHidden civsTurbo modeCheats
Victory
Defeat
🇦🇷 Franks · Argentina
987
+17
🇹🇷 Khmer · Türkiye
1004
-17
RobertRVT
10:39 Feudal Age
12:55 Wheelbarrow
12:06 Loom
12:19 Double-Bit Axe
27:44 Castle Age
26:31 Scale Mail Armor
29:23 Bow Saw
30:26 Forging
31:19 Scale Barding Armor
30:43 Pikeman
32:57 Squires
33:47 Chain Barding Armor
34:07 Iron Casting
37:16 Wheelbarrow
37:32 Husbandry
44:32 Gold Mining
45:29 Fletching
45:39 Padded Archer Armor
46:01 Chain Barding Armor
47:57 Chain Mail Armor
52:20 Imperial Age
52:50 Cavalier
52:54 Halberdier
54:31 Plate Mail Armor
58:45 Conscription
O.KIRA
8:38 Feudal Age
10:49 Bloodlines
14:09 Horse Collar
14:28 Double-Bit Axe
16:34 Town Watch
22:30 Loom
26:07 Forging
26:03 Scale Barding Armor
30:28 Castle Age
32:29 Husbandry
34:05 Light Cavalry
50:37 Chain Barding Armor
50:53 Iron Casting
53:56 Fletching
54:06 Padded Archer Armor
55:52 Bodkin Arrow
56:12 Leather Archer Armor
Connection lost

Rejoining the realm…

Still unreachable

The connection could not be restored.

Session expired

The server has moved on; the page needs a fresh start.